 Dungeon Crawl Stone Soup version 0.10.0-14-ga75c42d character file.

4998 Rafellows the Thaumaturge (level 10, -36/57 (66) HPs)
             Began as a Mummy Wizard on Mar 2, 2012.
             Was a Priest of Sif Muna.
             Killed from afar by a fire giant (93 damage)
             ... with a fireball
             ... on Level 8 of the Dungeon.
             The game lasted 01:45:23 (68448 turns).

Rafellows the Thaumaturge (Mummy Wizard)           Turns: 68448, Time: 01:45:23

HP -36/57 (66)   AC  5     Str 15      XL: 10   Next: 16%
MP  15/27        EV 12     Int 20      God: Sif Muna [***...]
Gold 546         SH  0     Dex 13      Spells:  7 memorised,  5 levels left

Res.Fire  : x . .   See Invis. : .   K - staff of wizardry
Res.Cold  : + . .   Warding    : . . r - +2 orc robe
Life Prot.: + + +   Conserve   : .   (no shield)
Res.Acid. : . . .   Res.Corr.  : .   b - +0 wizard hat
Res.Poison: +       Clarity    : .   A - +0 elf cloak (curse)
Res.Elec. : .       Spirit.Shd : .   (no gloves)
Sust.Abil.: . .     Stasis     : .   (no boots)
Res.Mut.  : .       Ctrl.Telep.: .   (no amulet)
Res.Rott. : +       Levitation : .   k - ring of Lossono {unknown, +Inv Str+5 Dex+3 Saprovore : . . . Ctrl.Flight: . f - ring of wizardry

@: somewhat resistant to hostile enchantments, fairly stealthy
A: no food or potions, fire vulnerability, restore body, cold resistance 1, life
protection 3, poison resistance, torment resistance, unbreathing
a: Channel Energy, Forget Spell, Renounce Religion, Evoke Invisibility


You were on level 8 of the Dungeon.
You worshipped Sif Muna.
Sif Muna was greatly pleased with you.
You were not hungry.

You visited 2 branches of the dungeon, and saw 11 of its levels.

You collected 526 gold pieces.

Inventory:

Hand weapons
 a - a +0,+0 bow
 d - a +1,+0 short sword of distortion
 l - a +0,+0 bow
 B - a +0,+1 whip of flaming
Missiles
 m - 45 +2 arrows
Armour
 b - a +0 wizard hat (worn)
 r - a +2 orcish robe (worn)
 A - a cursed +0 elven cloak (worn)
 E - the -4 leather armour "Edejueng" {rF+ Dex+1 Int-2 Acc+1}
   (You found it on level 8 of the Dungeon)

   It affects your intelligence (-2).
   It affects your dexterity (+1).
   It affects your accuracy (+1).
   It protects you from fire.
 G - a +2 robe
Magical devices
 g - a wand of draining (1) {unknown}
 h - a wand of slowing (13)
 s - a wand of random effects (11) {unknown}
 w - a wand of lightning (9) {unknown}
 z - a wand of flame (15) {unknown}
 C - a wand of paralysis (5) {unknown}
 D - a wand of paralysis (7) {unknown}
 H - a wand of enslavement (10) {unknown}
 L - a wand of random effects (13) {unknown}
Scrolls
 i - a scroll of remove curse
 j - 4 scrolls of teleportation
 o - 2 scrolls of detect curse
 p - 2 scrolls of magic mapping
 q - 2 scrolls of fear
 x - a scroll of recharging
Jewellery
 f - a ring of wizardry (left hand)
 k - the ring of Lossono (right hand) {unknown, +Inv Str+5 Dex+3 Dam+4}
   (You found it on level 6 of the Dungeon)

   [ring of invisibility]

   It affects your strength (+5).
   It affects your dexterity (+3).
   It affects your damage-dealing abilities (+4).
 n - an uncursed ring of poison resistance
 u - an uncursed ring of sustain abilities
 F - the amulet "Mnigret" {unknown, rCorr MUT+ rElec rF+ MR Str+4}
   (You found it on level 10 of the Dungeon)

   [amulet of resist corrosion]

   It affects your strength (+4).
   It protects you from fire.
   It insulates you from electricity.
   It increases your resistance to enchantments.
   It glows with mutagenic radiation.
 I - an uncursed ring of regeneration
 J - a +3 ring of evasion
Books
 c - a book of Minor Magic

   Spells                             Type                      Level
   *Magic Dart                        Conjuration                  1
   *Blink                             Translocation                2
   *Call Imp                          Summoning                    2
   *Repel Missiles                    Charms/Air                   2
   Slow                               Hexes                        2
   Conjure Flame                      Conjuration/Fire             3
   *Mephitic Cloud                    Conjuration/Poison/Air       3
 e - a book of Beasts

   Spells                             Type                      Level
   Summon Butterflies                 Summoning                    1
   Sticks to Snakes                   Transmutation                2
   Call Canine Familiar               Summoning                    3
   Ice Form                           Ice/Transmutation            4
   *Summon Ice Beast                  Ice/Summoning                4
   *Summon Hydra                      Summoning                    7
 t - a book of Power

   Spells                             Type                      Level
   Iskenderun's Mystic Blast          Conjuration                  4
   Venom Bolt                         Conjuration/Poison           5
   Bolt of Magma                      Conjuration/Fire/Earth       5
   Poisonous Cloud                    Conjuration/Poison/Air       6
   Iron Shot                          Conjuration/Earth            6
   Mass Confusion                     Hexes                        6
   Orb of Destruction                 Conjuration                  7
 v - a book of the Tempests

   Spells                             Type                      Level
   Static Discharge                   Conjuration/Air              3
   Lightning Bolt                     Conjuration/Air              5
   Fireball                           Conjuration/Fire             5
   Tornado                            Air                          9
   Shatter                            Earth                        9
Magical staves
 y - a staff of earth
 K - a staff of wizardry (weapon)


   Skills:
 * Level 4,4 Fighting
 - Level 1,8 Dodging
 - Level 1,7 Stealth
 * Level 8,8 Spellcasting
 + Level 1,3 Conjurations
 * Level 7,1 Summonings
 + Level 0,7 Translocations
 + Level 2,8 Ice Magic
 + Level 3,1 Invocations


You had 5 spell levels left.
You knew the following spells:

 Your Spells              Type           Power        Failure   Level  Hunger
a - Magic Dart            Conj           ###..        1%          1    N/A
b - Blink                 Tloc           N/A          3%          2    N/A
c - Call Imp              Summ           ######....   1%          2    N/A
d - Repel Missiles        Air/Chrm       ##........   3%          2    N/A
e - Mephitic Cloud        Pois/Air/Conj  ###......    5%          3    N/A
f - Summon Ice Beast      Ice/Summ       #####.....   3%          4    N/A
g - Summon Hydra          Summ           ######....   88%         7    N/A

Dungeon Overview and Level Annotations

Branches:
Dungeon (10/27)            Temple (1/1) D:4            Lair (0/8) D:8
    Orc: D:6-11

Altars:
Ashenzari
Cheibriados
Elyvilon
Fedhas
Kikubaaqudgha
Makhleb
Nemelex Xobeh
Okawaru
Sif Muna
The Shining One
Trog
Vehumet
Xom
Yredelemnul
Zin


Innate Abilities, Weirdness & Mutations

You do not eat or drink.
Your flesh is vulnerable to fire.
Your flesh is cold resistant.
You are immune to negative energy.
Your system is resistant to poisons.
You are immune to unholy pain and torment.
You can survive without breathing.


Message History

Use which ability? (? or * to list) Use which ability? (? or * to list) Use which ability? (? or * to list)
Okay, then.
You swap places.
Your crimson imp disappears in a puff of smoke!
You swap places.
Unknown command.
Unknown command.
Unknown command.
Autopickup is now off.
Autopickup is now on.
A fire giant comes into view.
It is wielding a glowing orcish battleaxe.
Your crimson imp disappears in a puff of smoke!
The fire giant casts a spell at you.
The fireball explodes!
The fire burns you terribly!
One of your 2 scrolls of remove curse catches fire!
One of your 3 scrolls of magic mapping catches fire!
Ouch! That really hurt!
You die...

#.# #. #5# #. #.# #. #5####
## #....# #5...# #####....#
#........# #....@...#
#........# #.........#
######....# #....# #.C..####
######## #......)######
#......######...##......#
##.#.5.......!.###'.....#####


You could see a fire giant and friendly 3 crimson imps.

Vanquished Creatures
  A hound (D:4)
  A boggart (D:3)
  6 adders
  2 shadow imps (D:7)
  2 giant mites
  A worm (D:5)
  A giant eyeball (D:7)
  7 giant geckos
  An ooze (D:2)
  4 orcs
  2 ball pythons
  7 giant cockroaches
  7 goblins
  A halfling (D:2)
  11 hobgoblins
  3 jackals
  21 kobolds
  2 quokkas
  10 bats
  7 giant newts
  8 rats
  A rat skeleton (D:7)
  3 fungi (D:8)
  A plant (D:2)
  2 toadstools
112 creatures vanquished.

Vanquished Creatures (collateral kills)
  A centaur warrior (D:10)
  The ghost of Dalanoth the Covered, an experienced MiDK of Makhleb (D:7)
  Erolcha (D:8)
  2 hill giants
  Pikel (D:7)
  Maurice (D:8)
  Psyche (D:8)
  2 wandering mushrooms (D:8)
  A troll (D:6)
  A wyvern (D:8)
  Menkaure (D:4)
  3 orc warriors
  A sky beast (D:8)
  3 ice beasts
  5 ogres
  Duvessa (D:5)
  A giant slug (D:8)
  8 centaurs
  A giant frog (D:10)
  3 wights (D:8)
  A shadow (D:8)
  2 crimson imps
  6 hounds
  7 orc priests
  Dowan (D:5)
  3 iguanas
  A quasit (D:8)
  8 orc wizards
  2 scorpions (D:5)
  6 worker ants
  3 jellies
  4 boggarts (D:3)
  6 adders
  4 gnolls (D:5)
  An adder zombie (D:5)
  An iguana skeleton (D:6)
  A giant centipede (D:8)
  2 giant mites
  4 worms
  A giant gecko (D:9)
  41 orcs
  3 giant cockroaches
  10 hobgoblins
  7 jackals
  11 kobolds
  7 quokkas
  13 bats
  A giant gecko skeleton (D:8)
  5 giant newts
  8 goblins
  A halfling (D:2)
  An orc zombie (D:5)
  10 rats
  6 fungi (D:8)
  2 toadstools (D:8)
229 creatures vanquished.

Vanquished Creatures (others)
  3 slime creatures (D:3)
  A slave (D:8)
  A wyvern zombie (D:8)
  16 ice beasts
  2 ogres
  2 centaurs (D:7)
  4 centaur zombies
  A big kobold zombie (D:7)
  2 giant frogs
  4 ogre zombies
  75 crimson imps
  A human zombie (D:8)
  A hound zombie (D:8)
  2 hounds
  A worker ant (D:4)
  A scorpion (D:8)
  A worker ant zombie (D:7)
  9 iron imps
  2 orc wizards (D:8)
  An iguana zombie (D:7)
  An elf zombie (D:5)
  22 orc zombies
  17 shadow imps
  3 adder zombies
  67 white imps
  A worm (D:7)
  A bat zombie (D:6)
  2 gnoll zombies (D:5)
  A giant gecko (D:1)
  A giant mite zombie (D:5)
  An ooze (D:2)
  4 orcs (D:8)
  A ball python (D:1)
  A bat (D:8)
  A quokka (D:7)
  A giant cockroach zombie (D:7)
  A giant gecko zombie (D:3)
  2 giant newts
  A giant newt skeleton (D:2)
  3 goblins
  2 goblin zombies
  A halfling (D:2)
  A hobgoblin skeleton (D:2)
  A hobgoblin zombie (D:6)
  2 jackal zombies
  3 kobolds
  4 kobold zombies
  2 quokka skeletons
  6 rats
  A rat skeleton (D:3)
  6 rat zombies
  2 bushes (D:2)
  5 fungi (D:8)
  2 plants (D:2)
  32 toadstools
332 creatures vanquished.

Grand Total: 673 creatures vanquished

Notes
Turn   | Place    | Note
--------------------------------------------------------------
     0 | D:1      | Rafellows, the Mummy Wizard, began the quest for the Orb.
     0 | D:1      | Reached XP level 1. HP: 11/11 MP: 5/5
   585 | D:1      | Reached XP level 2. HP: 7/17 MP: 0/7
   651 | D:1      | Learned a level 2 spell: Blink
   654 | D:1      | Learned a level 2 spell: Call Imp
   657 | D:1      | Learned a level 2 spell: Repel Missiles
  7790 | D:1      | Noticed a hippogriff skeleton
  7829 | D:2      | Reached skill level 1 in Conjurations
  8564 | D:2      | Reached skill level 1 in Fighting
  8566 | D:2      | Reached XP level 3. HP: 22/22 MP: 0/9
  8573 | D:2      | Reached skill level 4 in Spellcasting
  8573 | D:2      | Reached skill level 1 in Summonings
  8885 | D:2      | Learned a level 3 spell: Mephitic Cloud
 23553 | D:2      | Noticed a centaur warrior
 24243 | D:3      | Reached XP level 4. HP: 25/28 MP: 1/12
 26450 | D:3      | Reached XP level 5. HP: 34/34 MP: 1/15
 27569 | D:3      | Reached skill level 5 in Spellcasting
 29609 | D:3      | Noticed a boggart
 29610 | D:3      | Noticed a boggart
 29612 | D:3      | Noticed a boggart
 29614 | D:3      | Killed a boggart
 29614 | D:3      | Killed a boggart
 29615 | D:3      | Noticed a boggart
 29615 | D:3      | Killed a boggart
 29617 | D:3      | Killed a boggart
 29618 | D:3      | Killed a boggart
 30314 | D:3      | Noticed a slime creature
 30314 | D:3      | Killed a slime creature
 30315 | D:3      | Noticed a slime creature
 30315 | D:3      | Killed a slime creature
 30322 | D:3      | Noticed a slime creature
 30326 | D:3      | Killed a slime creature
 30441 | D:4      | Found a shattered altar of Ashenzari.
 30446 | D:4      | Reached XP level 6. HP: 37/40 MP: 2/17
 30555 | D:4      | Noticed Menkaure
 30579 | D:4      | Killed Menkaure
 31094 | D:4      | Found a staircase to the Ecumenical Temple.
 31146 | Temple   | Entered the Ecumenical Temple
 31156 | Temple   | Became a worshipper of Sif Muna the Loreminder
 36508 | D:4      | Noticed a rock troll
 36509 | D:5      | Entered Level 5 of the Dungeon
 36587 | D:5      | Reached XP level 7. HP: 45/45 MP: 5/19
 36606 | D:5      | Reached skill level 6 in Spellcasting
 37396 | D:5      | Found a glowing golden altar of the Shining One.
 37464 | D:5      | Noticed Duvessa
 37464 | D:5      | Noticed Dowan
 37480 | D:5      | Killed Duvessa
 37594 | D:5      | Killed Dowan
 38936 | D:5      | Your ally Dowan died
 43101 | D:5      | Noticed a hill giant
 43112 | D:5      | Killed a hill giant
 43112 | D:5      | Acquired Sif Muna's first power
 43112 | D:5      | Reached XP level 8. HP: 52/52 MP: 1/21
 43129 | D:5      | Noticed a storm dragon skeleton
 43405 | D:6      | Got a shimmering glass ring
 43421 | D:6      | Reached skill level 7 in Spellcasting
 43473 | D:6      | Found a blossoming altar of Fedhas.
 43566 | D:6      | Learned a level 4 spell: Summon Ice Beast
 43615 | D:6      | Reached skill level 5 in Summonings
 47258 | D:6      | Noticed a troll
 47271 | D:6      | Killed a troll
 47271 | D:6      | Reached skill level 1 in Ice Magic
 48606 | D:6      | Noticed a guardian serpent
 48606 | D:6      | a manticore changed into a guardian serpent
 48843 | D:7      | Noticed Dalanoth's ghost (experienced MiDK)
 48879 | D:7      | Killed Dalanoth's ghost
 48879 | D:7      | Acquired Sif Muna's second power
 48879 | D:7      | Reached skill level 1 in Invocations
 49019 | D:7      | Reached XP level 9. HP: 54/58 MP: 3/24
 49186 | D:7      | Noticed Pikel
 49313 | D:7      | Killed Pikel
 49515 | D:7      | Paralysed by a giant eyeball for 4 turns
 49522 | D:7      | Paralysed by a giant eyeball for 2 turns
 52441 | D:7      | Your ally Pikel died
 53437 | D:7      | Noticed a spiny worm
 53459 | D:8      | Got a fine leather armour
 53466 | D:8      | Identified the cursed -4 leather armour "Edejueng" (You found it on level 8 of the Dungeon)
 53475 | D:8      | You fall through a shaft!
 53475 | D:10     | Entered Level 10 of the Dungeon
 53530 | D:10     | Noticed a centaur warrior
 53589 | D:10     | Reached skill level 8 in Spellcasting
 53656 | D:10     | Killed a centaur warrior
 53755 | D:10     | Got an ancient jade amulet
 53784 | D:8      | Noticed Erolcha
 54482 | D:8      | Noticed Psyche
 54506 | D:8      | Killed Psyche
 54859 | D:8      | Your ally Psyche died
 54908 | D:8      | Killed Erolcha
 55101 | D:8      | Noticed a wandering mushroom
 55130 | D:8      | Killed a wandering mushroom
 55141 | D:8      | Found a staircase to the Lair.
 55219 | D:8      | Your ally Erolcha died
 55241 | D:8      | Reached XP level 10. HP: 40/59 MP: 2/26
 55255 | D:8      | Killed a wandering mushroom
 55520 | D:8      | Noticed Maurice
 55677 | D:8      | Killed Maurice
 56275 | D:8      | Identified a scroll of acquirement
 60729 | D:8      | Learned a level 7 spell: Summon Hydra
 61628 | D:8      | Your ally freed slave died
 63312 | D:8      | Noticed a giant slug
 63318 | D:8      | Killed a giant slug
 68447 | D:8      | Noticed a fire giant
 68448 | D:8      | Killed from afar by a fire giant
